 Dungeon Crawl Stone Soup version 0.30-a0-335-ge5acde7520 (webtiles) character file.

Game seed: 3684796927162478672

219 rageheart7 the Trooper (level 5, -5/59 HPs)
             Began as an Ogre Gladiator on Oct 30, 2022.
             Slain by an iguana (8 damage)
             ... on level 6 of the Dungeon.
             The game lasted 00:04:03 (2393 turns).

rageheart7 the Trooper (Ogre Gladiator)             Turns: 2393, Time: 00:04:04

Health: -5/59      AC:  4    Str: 20      XL:     5   Next: 96%
Magic:  5/5        EV: 10    Int:  7 (9)  God:
Gold:   174        SH:  0    Dex: 10      Spells: 4/4 levels left

rFire   . . .      SeeInvis .    a - +1 quarterstaff
rCold   . . .      Faith    .    (shield currently unavailable)
rNeg    . . .      Spirit   .    b - +0 robe
rPois   .          Reflect  .    c - +1 hat
rElec   .          Harm     .    (no cloak)
rCorr   .          Rampage  .    (gloves unavailable)
Will    .....                    (boots unavailable)
Stlth   +.........               (no amulet)
HPRegen 0.29/turn                (no ring)
MPRegen 0.09/turn                (no ring)

@: no status effects
A: large, unfitting armour, tough skin 1
a: no special abilities


You were on level 6 of the Dungeon.
You visited 1 branch of the dungeon, and saw 4 of its levels.

You collected 174 gold pieces.

Inventory:

Hand Weapons
 a - a +1 quarterstaff (weapon)
Missiles
 d - 3 throwing nets (quivered)
 e - a large rock
Armour
 b - a +0 robe (worn)
 c - a +1 hat (worn)
Jewellery
 n - a ring of protection from fire
 s - a +6 ring of intelligence
Scrolls
 g - a scroll of identify
 h - a scroll of magic mapping
 l - a scroll of fear
 m - a scroll of poison
 o - a scroll of teleportation
 t - 3 scrolls of enchant armour
Potions
 f - a potion of degeneration
 i - a potion of ambrosia {unknown}
 j - a potion of haste {unknown}
 k - 2 potions of curing
 p - 2 potions of brilliance {unknown}
 q - a potion of lignification {unknown}
 r - a potion of attraction {unknown}
 u - a potion of might


   Skills:
 * Level 5.9 Fighting
 * Level 5.0 Staves
 - Level 2.0 Throwing
 - Level 2.6 Dodging


You had 4 spell levels left.
You didn't know any spells.
Your spell library was empty.

Dungeon Overview and Level Annotations

Branches:
Dungeon (3/15)

Altars:


Innate Abilities, Weirdness & Mutations

You are too large for most types of armour.
You have tough skin. (AC +1)


Message History

The bullfrog is moderately wounded.
The bullfrog hits you. x2
You sock the bullfrog!
The bullfrog is almost dead.
The bullfrog hits you.
You barely miss the bullfrog.
The bullfrog is almost dead.
The bullfrog hits you. x2
You are too injured to fight recklessly!
You are too injured to fight recklessly!
You are too injured to fight recklessly!
You are too injured to fight recklessly!
You are too injured to fight recklessly!
You are too injured to fight recklessly!
You are too injured to fight recklessly!
You are too injured to fight recklessly!
You are too injured to fight recklessly!
You are too injured to fight recklessly!
You are too injured to fight recklessly!
You are too injured to fight recklessly!
You are too injured to fight recklessly!
You are too injured to fight recklessly!
You are too injured to fight recklessly!
You are too injured to fight recklessly!
You are too injured to fight recklessly!
You sock the bullfrog!
You kill the bullfrog!
You feel your dexterity returning.
Your Staves skill increases to level 5!
You hit the iguana but do no damage. The iguana bites you.
The iguana bites you!
* * * LOW HITPOINT WARNING * * *
You hit the iguana.
The iguana is moderately wounded.
The iguana bites you!
* * * LOW HITPOINT WARNING * * *
You hit the iguana.
The iguana is heavily wounded.
The iguana bites you!
You die...

.........##
#.......#
...#####..#
#.......# ..
#..##############
. #.............#
#.####........#
#.# ##.......#
#.# #.......#
#.#####.......#
#......@......#
######.l......#
##........#
#..$......#
#####.....$...#
#......#.##...#
#.#...##.......
#.#.##.....###.
#....#.......


You could see an iguana.

Vanquished Creatures
  A necrophage (D:6)
  A bullfrog (D:6)
  3 gnolls (D:3)
  An adder (D:2)
  2 orcs
  3 bats
  10 endoplasms
  2 giant cockroaches (D:2)
  7 goblins
  6 hobgoblins
  4 jackals (D:1)
  5 ball pythons
  3 frilled lizards
  6 kobolds
  4 rats
58 creatures vanquished.

Notes
Turn   | Place    | Note
-------+----------+-------------------------------------------
     0 | D:1      | rageheart7 the Ogre Gladiator began the quest for the Orb.
     0 | D:1      | Reached XP level 1. HP: 22/22 MP: 1/1
    31 | D:1      | Found a faded altar of an unknown god.
   138 | D:1      | Reached XP level 2. HP: 8/31 MP: 2/2
   658 | D:2      | Reached XP level 3. HP: 22/39 MP: 3/3
  1694 | D:3      | Reached XP level 4. HP: 49/49 MP: 4/4
  2138 | D:3      | You fall into a shaft and drop 3 floors!
  2140 | D:6      | Noticed a bullfrog
  2179 | D:6      | Noticed a necrophage
  2192 | D:6      | Killed a necrophage
  2193 | D:6      | Reached skill level 5 in Fighting
  2193 | D:6      | Reached XP level 5. HP: 10/57 MP: 5/5
  2391 | D:6      | Reached skill level 5 in Staves
  2393 | D:6      | Slain by an iguana

Illustrated notes

Levels and vault maps discovered:
D:1:      mrwooster_arrival_arrow, layout_rooms, basic_ecumenical_altar,
          nrook_campfire, hex_medium
D:2:      layout_loops_corners
D:3:      layout_basic
D:6:      layout_basic, kennysheep_generic_room_13

Skill      XL: |  1  2  3  4  5 |
---------------+----------------+-----
Fighting       | 3 4 5 |  5.9
Staves         | 4 5 |  5.0
Throwing       | |  2.0
Dodging        | |  2.6

Action                   |  1- 3 |  4- 6 || total
-------------------------+-------+-------++-------
Melee: Quarterstaff      |   128 |    61 ||   189
  Use: Scroll            |     9 |     1 ||    10
       Potion            |       |     2 ||     2
 Stab: Sleeping          |     1 |       ||     1
Armor: Robe              |    33 |    25 ||    58
Dodge: Dodged            |    61 |    39 ||   100

Table legend: (Time is in decaauts)
 A = Elapsed time spent in this place.
 B = Non-inter-level travel time spent in this place.
 C = Inter-level travel time spent in this place.
 D = Time resting spent in this place.
 E = Time spent auto-exploring this place.
 F = Levels seen in this place.
 G = Mean time per level.
                   A        B        C        D        E       F      G
               +--------+--------+--------+--------+--------+-----+--------+
         Total |   2413 |   2353 |     60 |      0 |   1927 |   4 |  603.2 |
       Dungeon |   2413 |   2353 |     60 |      0 |   1927 |   4 |  603.2 |
               +--------+--------+--------+--------+--------+-----+--------+

Top non-repeatable levels by time:
     D:2: 1067 daAuts
     D:1: 631 daAuts
     D:3: 458 daAuts
     D:6: 256 daAuts
